 Dungeon Crawl Stone Soup version 0.21-a0-538-gd16b88a (webtiles) character file.

383 tilp the Cudgeler (level 6, 0/39 HPs)
             Began as a Gargoyle Gladiator on Dec 15, 2017.
             Was an Initiate of Okawaru.
             Killed from afar by an orc wizard (3 damage)
             ... with a magic dart
             ... on level 4 of the Dungeon.
             The game lasted 00:08:34 (4155 turns).

tilp the Cudgeler (Gargoyle Gladiator)              Turns: 4155, Time: 00:08:35

Health: 0/39       AC: 10    Str: 17 (20) XL:     6   Next: 76%
Magic:  6/6        EV: 11    Int:  7 (8)  God:    Okawaru [......]
Gold:   240        SH:  0    Dex: 10 (11) Spells: 5/5 levels left

rFire    . . .     SeeInvis .   a - +0 flail
rCold    . . .     Gourm    .   (no shield)
rNeg     + . .     Faith    .   l - +0 ring mail
rPois    ∞         Spirit   .   c - +0 helmet
rElec    +         Reflect  .   (no cloak)
rCorr    .         Harm     .   (no gloves)
MR       .....                  (no boots)
Stlth    ..........             (no amulet)
HPRegen  0.13/turn              (no ring)
MPRegen  0.10/turn              (no ring)

@: flying
A: negative energy resistance 1, electricity resistance, unbreathing,
petrification resistance, rot immunity, AC +4
a: Renounce Religion


You were on level 4 of the Dungeon.
You worshipped Okawaru.
Okawaru was noncommittal.
You were very hungry.

You visited 1 branch of the dungeon, and saw 4 of its levels.

You collected 240 gold pieces.

Inventory:

Hand Weapons
 a - a +0 flail (weapon)
Missiles
 d - 3 throwing nets
 e - 161 stones (quivered)
 i - 57 sling bullets
Armour
 c - a +0 helmet (worn)
 l - a +0 ring mail (worn)
Jewellery
 j - an uncursed amulet of rage {unknown}
 n - a +3 ring of evasion {unknown}
 q - a +4 ring of evasion {unknown}
 r - an uncursed ring of see invisible {unknown}
 C - an uncursed ring of magical power {unknown}
Wands
 y - a wand of flame (19)
Scrolls
 b - 4 scrolls of identify {unknown}
 h - a scroll of magic mapping {unknown}
 k - 2 scrolls of fog {unknown}
 m - a scroll of enchant weapon {unknown}
 o - 2 scrolls of teleportation {unknown}
 p - 2 scrolls of remove curse {unknown}
 s - a scroll of enchant armour {unknown}
 t - 2 scrolls of random uselessness {unknown}
 D - a scroll of fear {unknown}
 E - a scroll of amnesia {unknown}
Potions
 v - a potion of might {unknown}
 x - a potion of agility {unknown}
 B - a potion of heal wounds {unknown}
Comestibles
 f - 2 bread rations
 w - 7 fruits
 z - a royal jelly
 A - 3 meat rations


   Skills:
 + Level 4.7 Fighting
 * Level 6.2 Maces & Flails
 - Level 1.7 Throwing
 - Level 2.4 Dodging


You had 5 spell levels left.
You didn't know any spells.

Dungeon Overview and Level Annotations

Branches:
Dungeon (4/15)
 Temple: D:4-7

Altars:
Ashenzari
Fedhas
Okawaru
Uskayaw
Vehumet


Innate Abilities, Weirdness & Mutations

You are resistant to torment.
Your stone body is resilient. (AC +4)
You are immune to poison.
You resist negative energy. (rN+)
You are resistant to electric shocks. (rElec)
You can survive without breathing.
You are immune to petrification.
You are immune to rotting.


Message History

You barely miss the orc wizard.
The orc wizard is heavily wounded.
The orc wizard hits you with a dagger.
* * * LOW HITPOINT WARNING * * *
The orc wizard casts a spell at you. The magic dart hits you!
* * * LOW HITPOINT WARNING * * *
Your ring mail prevents you from hitting the orc wizard.
The orc wizard is heavily wounded.
The orc wizard gestures wildly while chanting.
The orc wizard blinks!
It was a potion of flight.
You feel very buoyant.
You fly up into the air.
It was a potion of degeneration.
There was something very wrong with that liquid.
You feel weakened.
You feel dopey.
You feel clumsy. The orc wizard casts a spell at you. The magic dart hits you!
You die...

#.##.# #... #.##.#
##..8 #.##o# #....
#.##a# #...8
#######)##.#####....
#.......##{##......8
#.########.##.......
###.########.##.....[#
#..o.@.[......'.....{'
############.##......#
#.##..o.oo'
#.##.....o#
#.##......+
#.##......#
#.#######.. #.# #.#
#.#


You could see an orc wizard.

Vanquished Creatures
  A phantom (D:3)
  An orc priest (D:4)
  3 orc wizards
  A worker ant (D:4)
  A worker ant zombie (D:3)
  7 adders
  An ooze (D:2)
  An adder skeleton (D:4)
  2 worms (D:3)
  2 dart slugs
  2 leopard geckos
  3 orcs
  4 ball pythons
  4 bats
  7 giant cockroaches
  4 goblins
  7 hobgoblins
  3 quokkas
  4 frilled lizards
  7 kobolds
  4 rats
69 creatures vanquished.

Notes
Turn   | Place    | Note
-------+----------+-------------------------------------------
     0 | D:1      | tilp the Gargoyle Gladiator began the quest for the Orb.
     0 | D:1      | Reached XP level 1. HP: 12/12 MP: 1/1
   111 | D:1      | Reached XP level 2. HP: 18/18 MP: 2/2
   919 | D:2      | Reached XP level 3. HP: 20/22 MP: 3/3
  1055 | D:2      | Reached skill level 4 in Maces & Flails
  1318 | D:2      | Found a shattered altar of Ashenzari.
  1778 | D:3      | Reached XP level 4. HP: 18/28 MP: 4/4
  2628 | D:3      | Reached XP level 5. HP: 27/32 MP: 5/5
  2779 | D:3      | Reached skill level 5 in Maces & Flails
  2858 | D:3      | Found a blossoming altar of Fedhas.
  3262 | D:4      | Found a hide-covered altar of Uskayaw.
  3377 | D:4      | Found a radiant altar of Vehumet.
  3701 | D:4      | Found an iron altar of Okawaru.
  3716 | D:4      | Became a worshipper of Warmaster Okawaru
  3732 | D:4      | Noticed a phantom
  3843 | D:3      | Killed a phantom
  3843 | D:3      | Reached XP level 6. HP: 36/39 MP: 6/6
  4108 | D:4      | Reached skill level 6 in Maces & Flails
  4155 | D:4      | Killed from afar by an orc wizard

Vault maps used:
D:1:      dpeg_arrival_prison
D:2:      st_stairs_1, ashenzari_altar_1
D:3:      mumra_celtic_spiral_tile, fedhas_altar_fruit_tree
D:4:      eat_drink_and_be_merry_uskayaw, vehumet_altar_wand_db, okawaru_trees_2

Skill      XL: |  1  2  3  4  5  6 |
---------------+-------------------+-----
Maces & Flails | 4 5 6 |  6.2
Fighting       | 3 4 |  4.7
Throwing       | |  1.7
Dodging        | |  2.4

Action                   |  1- 3 |  4- 6 || total
-------------------------+-------+-------++-------
Melee: Flail             |   112 |   231 ||   343
  Use: Potion            |       |     2 ||     2
  Eat: Chunk             |     1 |     2 ||     3
       Meat ration       |     1 |       ||     1
       Fruit             |       |     2 ||     2
Armor: Leather armour    |     8 |       ||     8
       Ring mail         |    45 |   141 ||   186
Dodge: Dodged            |    91 |   123 ||   214

Table legend:
 A = Spawn XP
 B = Non-spawn XP
 C = Spawn XP percentage of total XP
 D = Spawn monster count
 E = Non-spawn monster count
 F = Spawn count percentage of total count
 G = Total turns spent on level
                    A         B        C        D         E        F      G
               +---------+---------+-------+---------+---------+-------+---------
         Total |       0 |     548 |   0.0 |       0 |      69 |   0.0 |  4155
               +---------+---------+-------+---------+---------+-------+---------
           D:1 |       0 |      25 |   0.0 |       0 |      13 |   0.0 |   808
           D:2 |       0 |      45 |   0.0 |       0 |      17 |   0.0 |   959
           D:3 |       0 |     337 |   0.0 |       0 |      30 |   0.0 |  1797
           D:4 |       0 |     141 |   0.0 |       0 |       9 |   0.0 |   591
               +---------+---------+-------+---------+---------+-------+---------
